 Dungeon Crawl Stone Soup version 0.19.3-1-g3169bf9 (webtiles) character file.

1683 ponk the Carver (level 8, 0/62 HPs)
             Began as a Demigod Fighter on Jan 24, 2017.
             Shot with an arrow by a centaur (4 damage)
             ... on level 6 of the Dungeon.
             The game lasted 00:17:09 (7381 turns).

ponk the Carver (Demigod Fighter)                   Turns: 7381, Time: 00:17:10

Health: 0/62       AC: 13    Str: 19    XL:     8   Next: 43%
Magic:  10/10      EV:  7    Int: 12    God:
Gold:   326        SH:  9    Dex: 19    Spells: 0 memorised, 7 levels left

rFire  . . .     SeeInvis .     a - +0 long sword
rCold  . . .     Gourm    .     b - +0 scale mail
rNeg   . . .     Faith    .     c - +0 shield
rPois  .         Spirit   .     l - +2 hat
rElec  .         Reflect  .     B - +0 cloak
rCorr  .         Harm     .     i - +2 pair of gloves
MR     .....                    (no boots)
Stlth  ..........               (no amulet)
                                (no ring)
                                (no ring)

@: no status effects
A: high mp 1
a: no special abilities


You were on level 6 of the Dungeon.
You were not hungry.

You visited 1 branch of the dungeon, and saw 6 of its levels.

You collected 326 gold pieces.

Inventory:

Hand Weapons
 a - a +0 long sword (weapon)
 s - a +0 blowgun
 A - the +6 mace "ponk's Death" {protect, *Noise rN+ MR+ Int+4}
   (You found it on level 5 of the Dungeon)

   It protects the one who uses it against injury (+AC on strike).
   It affects your intelligence (+4).
   It protects you from negative energy.
   It affects your resistance to hostile enchantments.
   It may make noises in combat.
Missiles
 q - 6 needles of sleeping
 t - 4 poisoned needles
 E - 5 tomahawks (quivered)
Armour
 b - a +0 scale mail (worn)
 c - a +0 shield (worn)
 i - a +2 pair of gloves (worn)
 l - a +2 hat (worn)
 B - a +0 cloak (worn)
 C - a +0 pair of gloves
Wands
 F - a wand of iceblast (2/15)
Scrolls
 e - a scroll of noise {unknown}
 g - a scroll of enchant armour
 h - a scroll of fear {unknown}
 j - 2 scrolls of teleportation {unknown}
 m - 3 scrolls of fog
 o - a scroll of magic mapping {unknown}
 r - a scroll of recharging {unknown}
 u - 2 scrolls of blinking {unknown}
 v - a scroll of immolation {unknown}
 y - a scroll of amnesia {unknown}
Potions
 k - a potion of magic
 n - a potion of curing
 p - a potion of lignification
 w - a potion of brilliance
 z - 3 potions of flight
Comestibles
 d - a slice of pizza
 f - 3 bread rations
 x - a meat ration
 D - 2 chunks of flesh


   Skills:
 - Level 2.6 Fighting
 + Level 10.3 Long Blades
 - Level 2.8 Armour
 - Level 2.7 Shields


You had 7 spell levels left.
You didn't know any spells.

Dungeon Overview and Level Annotations

Branches:
Dungeon (6/15)
 Temple: D:4-7


Innate Abilities, Weirdness & Mutations

You have an increased reservoir of magic. (+10% MP)


Message History

The centaur barely misses you.
Items here: ( )) [ a vampiric whip; a dire flail; 28 stones; a chain mail The centaur hits you but does no damage.
You see here a club.
The centaur wields an uncursed shortbow of freezing.
It is covered in frost.
The centaur shoots an arrow.
The centaur shoots an arrow.
Reactivating autopickup.
The centaur shoots an arrow.
The arrow hits you but does no damage.
You see here an arrow.
The centaur shoots an arrow.
You block the arrow.
The centaur shoots an arrow.
The arrow hits you.
* * * LOW HITPOINT WARNING * * *
The arrow freezes you.
* * * LOW HITPOINT WARNING * * *
The centaur shoots an arrow.
You block the arrow.
You see here 2 arrows.
The centaur shoots an arrow.
The arrow hits you.
You die...

# ##...#............#.# ##
#....#.(..(.(.#.#.# .#
#...#.......)[...#.# .#
#...#......(#c.....# .#
#...####.####..########### .#
#...# #.#..†....##.......
.#####...####.#........#.......
..............#.(#..#..#>......
..............#.@(.............
#.............#...###..#.......
##..#..#.######...###..#..Y....
#..##'..#.## #........#.......
..##.##..#.# ##...#.##########
.##...##..## #....###......#
..##.##..##########.# #.####.#
#..###........# #.###.#oo..####
##..#......##.# #.o.o...##o....


You could see a centaur.

Vanquished Creatures
  Eustachio (D:5)
  The ghost of dscm the Sneak, an amateur OpEE (D:5)
  A sky beast (D:6)
  An orc warrior (D:6)
  2 phantoms
  2 ogres (D:4)
  A centaur (D:5)
  A bullfrog (D:6)
  A howler monkey (D:6)
  2 crimson imps (D:5)
  A centaur zombie (D:5)
  A hound (D:5)
  2 jellies
  2 orc priests (D:6)
  Crazy Yiuf (D:5)
  2 bullfrog skeletons (D:5)
  Jessica (D:2)
  2 iguanas
  2 orc wizards (D:4)
  A worker ant (D:4)
  A howler monkey zombie (D:6)
  12 adders
  A shadow imp (D:6)
  An adder skeleton (D:5)
  2 worms (D:2)
  A dart slug (D:1)
  The ghost of dscm the Digger, a weakling OpEE (D:3)
  The ghost of dscm the Digger, a weakling OpEE (D:4)
  8 leopard geckos
  8 orcs
  10 ball pythons
  3 bats (D:1)
  6 giant cockroaches
  9 goblins
  9 hobgoblins
  4 jackals
  13 kobolds
  3 quokkas
  8 frilled lizards
  A jackal skeleton (D:4)
  8 rats
138 creatures vanquished.

Vanquished Creatures (others)
  A sky beast (D:6)
1 creature vanquished.

Grand Total: 139 creatures vanquished

Notes
Turn   | Place    | Note
-------+----------+-------------------------------------------
     0 | D:1      | ponk the Demigod Fighter began the quest for the Orb.
     0 | D:1      | Reached XP level 1. HP: 18/18 MP: 3/3
    11 | D:1      | Noticed an electric eel
    71 | D:1      | Reached skill level 2 in Long Blades
   185 | D:1      | Reached XP level 2. HP: 25/25 MP: 4/4
   421 | D:2      | Reached skill level 3 in Long Blades
   421 | D:2      | Reached XP level 3. HP: 8/30 MP: 5/5
   810 | D:2      | Noticed Jessica
   818 | D:2      | Killed Jessica
  1315 | D:2      | Reached skill level 4 in Long Blades
  1315 | D:2      | Reached XP level 4. HP: 17/37 MP: 6/6
  2006 | D:3      | Noticed dscm's ghost (weakling OpEE)
  2018 | D:3      | Killed dscm's ghost
  2570 | D:3      | Reached XP level 5. HP: 35/42 MP: 7/7
  2665 | D:3      | Reached skill level 5 in Long Blades
  3721 | D:4      | Noticed dscm's ghost (weakling OpEE)
  3728 | D:4      | Killed dscm's ghost
  4278 | D:4      | Noticed an ogre
  4285 | D:4      | Killed an ogre
  4285 | D:4      | Reached skill level 6 in Long Blades
  4285 | D:4      | Reached XP level 6. HP: 50/50 MP: 8/8
  4756 | D:5      | Entered Level 5 of the Dungeon
  4820 | D:5      | Reached skill level 7 in Long Blades
  5014 | D:5      | Reached XP level 7. HP: 53/56 MP: 9/9
  5080 | D:5      | Noticed Eustachio
  5142 | D:5      | HP: 1/56 [iron imp[Eustachio] (9)]
  5160 | D:5      | HP: 2/56 [bat[Eustachio] (1)]
  5484 | D:5      | Killed Eustachio
  5484 | D:5      | Reached skill level 8 in Long Blades
  5957 | D:5      | Found a runed door.
  6065 | D:5      | Noticed Crazy Yiuf
  6072 | D:5      | Killed Crazy Yiuf
  6079 | D:5      | Got an ichor-stained mace
  6081 | D:5      | Identified the +6 mace "ponk's Death" {protect, *Noise rN+ MR+ Int+4} (You found it on level 5 of the Dungeon)
  6377 | D:5      | Reached skill level 9 in Long Blades
  6431 | D:5      | Noticed dscm's ghost (amateur OpEE)
  6452 | D:5      | HP: 2/56 [dscm's ghost (2)]
  6464 | D:5      | Killed dscm's ghost
  6464 | D:5      | Reached XP level 8. HP: 5/62 MP: 10/10
  7193 | D:6      | Reached skill level 10 in Long Blades
  7380 | D:6      | HP: 3/62 [centaur/arrow (3)]
  7381 | D:6      | Shot with an arrow by a centaur

Skill      XL: |  1  2  3  4  5  6  7  8 |
---------------+-------------------------+-----
Long Blades    | 2 3 4 6 7 9 10 | 10.3
Fighting       | |  2.6
Armour         | |  2.8
Shields        | |  2.7

Action                   |  1- 3 |  4- 6 |  7- 9 || total
-------------------------+-------+-------+-------++-------
Melee: Long sword        |   105 |   260 |   233 ||   598
Evoke: Wand              |       |       |     2 ||     2
  Use: Potion            |     1 |     2 |     2 ||     5
       Scroll            |       |     5 |     4 ||     9
 Stab: Invisible         |       |       |     1 ||     1
  Eat: Chunk             |     1 |    11 |     2 ||    14
       Pizza             |       |     1 |       ||     1
       Bread ration      |       |       |     2 ||     2
Armor: Scale mail        |    47 |    69 |   113 ||   229
       Skin              |       |     8 |       ||     8
Dodge: Dodged            |    34 |    64 |    67 ||   165
Block: Shield            |    56 |   126 |   150 ||   332
       Rpst.: Long sword |     8 |    20 |    22 ||    50
